 Dungeon Crawl Stone Soup version 0.31-a0-819-gf6de2f5ab6 (webtiles) character file.

Game seed: 4643814067392766995

1040 randomguy2701 the Slicer (level 8, -3/60 HPs)
             Began as a Gnoll Wanderer on Sept 24, 2023.
             Was an Initiate of Ashenzari.
             Killed from afar by an orc wizard (5 damage)
             ... with a puff of flame
             ... on level 6 of the Dungeon.
             The game lasted 00:07:33 (4358 turns).

randomguy2701 the Slicer (Gnoll Wanderer)           Turns: 4358, Time: 00:07:34

Health: -3/60      AC: -4    Str:  7    XL:     8   Next: 24%
Magic:  18/19      EV: 14    Int: 14    God:    Ashenzari [......]
Gold:   238        SH:  0    Dex: 21    Spells: 20/22 levels left

rFire   . . .        n - +6 long sword of Regicide {pain, *Corrode rC+++ Dex+5}
rCold   + + +        (no shield)
rNeg    . . .        d - +0 robe
rPois   .            (no helmet)
rElec   .            b - +0 cloak
rCorr   .            (no gloves)
SInv    .            (no boots)
Will    +....        (no amulet)
Stlth   +++          f - ring of willpower
HPRegen 0.30/turn    r - ring of wizardry
MPRegen 0.16/turn

%: corrode self (3%), wizardry (x1)
@: corroded
A: fangs 1, strong nose, distributed training
a: Renounce Religion


You were on level 6 of the Dungeon.
You worshipped Ashenzari.
Ashenzari was noncommittal.
You visited 2 branches of the dungeon, and saw 7 of its levels.

You collected 238 gold pieces.

Inventory:

Hand Weapons
 a - a +0 rapier
 n - the +6 long sword of Regicide (weapon) {pain, *Corrode rC+++ Dex+5}
   (You found it on level 3 of the Dungeon)

   Dex+5:     It affects your dexterity (+5).
   rC+++:     It renders you almost immune to cold.
   *Corrode:  It may corrode you when you take damage.
Armour
 b - a +0 cloak (worn)
 d - a +0 robe (worn)
Jewellery
 f - a ring of willpower (left hand)
 r - a ring of wizardry (right hand)
Wands
 i - a wand of mindburst (5)
 s - a wand of flame (9)
Scrolls
 c - 5 scrolls of teleportation
 e - 2 scrolls of vulnerability
 l - 2 scrolls of fear
 o - a scroll of summoning {unknown}
 p - 2 scrolls of revelation {unknown}
 v - a scroll of immolation {unknown}
Potions
 g - 2 potions of magic {unknown}
 h - 3 potions of heal wounds
 j - 3 potions of curing
 k - a potion of enlightenment {unknown}
 m - 2 potions of attraction {unknown}
 q - 3 potions of lignification {unknown}
 t - a potion of haste {unknown}
 u - a potion of brilliance {unknown}


   Skills:
 + Level 4.1 Fighting
 + Level 10.9 Short Blades
 + Level 3.1 Long Blades
 + Level 3.1 Axes
 + Level 3.1 Maces & Flails
 + Level 3.1 Polearms
 + Level 3.1 Staves
 + Level 3.1 Ranged Weapons
 + Level 3.1 Throwing
 + Level 3.1 Armour
 + Level 4.1 Dodging
 + Level 3.1 Stealth
 + Level 3.1 Shields
 + Level 3.1 Unarmed Combat
 + Level 7.9 Spellcasting
 + Level 2.5 Conjurations
 + Level 2.5 Hexes
 + Level 2.5 Summonings
 + Level 2.5 Necromancy
 + Level 2.5 Translocations
 + Level 2.5 Transmutations
 + Level 2.5 Fire Magic
 + Level 2.5 Ice Magic
 + Level 2.5 Air Magic
 + Level 2.5 Earth Magic
 + Level 2.5 Poison Magic
 + Level 3.5 Invocations
 + Level 3.1 Evocations
 + Level 2.8 Shapeshifting


You had 20 spell levels left.
You knew the following spells:

 Your Spells              Type           Power      Damage    Failure   Level
a - Freeze                Ice            48%        1d6       1%          1
b - Necrotise             Necr           48%        1d6       1%          1

Your spell library contained the following spells:

 Spells                   Type           Power      Damage    Failure   Level
 Hailstorm                Conj/Ice       12%        3d5       6%          3
 Vampiric Draining        Necr           12%        2d6       6%          3
 Agony                    Necr           12%        N/A       43%         5


Dungeon Overview and Level Annotations

Branches:
Dungeon (6/15)             Temple (1/1) D:5

Altars:
Ashenzari
Dithmenos
Elyvilon
Fedhas
Gozag
Hepliaklqana
Kikubaaqudgha
Makhleb
Nemelex Xobeh
Okawaru
Qazlal
Ru
Trog
Uskayaw
Vehumet
Wu Jian
Xom
Yredelemnul
Zin

Shops:
D:2 (

Annotations:
D:4 Sigmund


Innate Abilities, Weirdness & Mutations

You have very sharp teeth.
Your uncanny sense of smell can sniff out nearby items.
Your experience applies equally to all skills.


Message History

Something hits you.
You miss something. Something hits you. x2
You slash something! You bite something. Something hits you.
Your corrosive artefact corrodes you!
Something barely misses you. Something hits you. x2
You closely miss something. Something hits you.
You hear some strange, mumbled words.
A magic dart appears from out of thin air!
The magic dart hits you!
You slash something!
Reactivating autopickup.
You feel a bit more experienced. Something hits you.
Your corrosive artefact corrodes you!
Deactivating autopickup; reactivate with Ctrl-A.
You miss something. You bite something. Something hits you.
You barely miss something.
You hear some strange, mumbled words.
A puff of flame appears from out of thin air!
The puff of flame hits you.
* * * LOW HITPOINT WARNING * * *
Something hits you.
* * * LOW HITPOINT WARNING * * *
You hit something but do no damage.
You hear some strange, mumbled words.
A puff of flame appears from out of thin air!
The puff of flame hits you!
* * * LOW HITPOINT WARNING * * *
Unknown command.
Casting: Freeze (safe; 1% risk of failure)
Confirm with . or Enter, or press ? or * to list all spells.
You can't see any susceptible monsters within range! (Use Z to cast anyway.)
Casting: Freeze (safe; 1% risk of failure)
Confirm with . or Enter, or press ? or * to list all spells.
Aiming: Freeze (safe; 1% risk of failure)
Press: ? - help, Shift-Dir - straight line You freeze something.
You hear some strange, mumbled words.
A puff of flame appears from out of thin air!
The puff of flame hits you.
You die...

........[
........
#......
#.....# ...
+.....#
...####.....#
#......){...+
#.......@...#
∆
#........)..#
#..........##
#..........#
#..........#
∆
##+####....#
#....+
#....##+###
#.........#


There were no monsters in sight!

Vanquished Creatures
  2 phantoms (D:5)
  A bullfrog (D:5)
  7 scorpions
  4 hounds
  A jelly (D:4)
  2 orc wizards
  2 iguanas
  Robin (D:3)
  4 adders
  2 white imps
  2 ufetubi (D:5)
  4 worms
  2 dart slugs
  9 orcs
  5 bats
  5 endoplasms
  2 giant cockroaches
  13 goblins
  8 hobgoblins
  4 jackals (D:4)
  2 quokkas
  4 ball pythons
  6 frilled lizards
  4 kobolds
  14 rats
110 creatures vanquished.

Notes
Turn   | Place    | Note
-------+----------+-------------------------------------------
     0 | D:1      | Reached skill level 10 in Short Blades
     0 | D:1      | randomguy2701 the Gnoll Wanderer began the quest for the
                  | Orb.
     0 | D:1      | randomguy2701 set off with the following items: a +0
                  | rapier, a +0 cloak, a scroll of teleportation, a +0 robe;
                  | and the following spell memorised: Freeze; and the
                  | following spells available to memorise: Hailstorm.
     0 | D:1      | Reached XP level 1. HP: 17/17 MP: 8/8
    93 | D:1      | Reached XP level 2. HP: 23/23 MP: 10/10
   481 | D:2      | Reached XP level 3. HP: 28/28 MP: 11/11
   522 | D:2      | Reached skill level 1 in Invocations
   638 | D:2      | Found Ihiv's Weapon Shoppe.
   834 | D:2      | Reached skill level 1 in Long Blades
   834 | D:2      | Reached skill level 1 in Axes
   834 | D:2      | Reached skill level 1 in Maces & Flails
   834 | D:2      | Reached skill level 1 in Polearms
   834 | D:2      | Reached skill level 1 in Staves
   834 | D:2      | Reached skill level 1 in Ranged Weapons
   834 | D:2      | Reached skill level 1 in Throwing
   834 | D:2      | Reached skill level 1 in Armour
   834 | D:2      | Reached skill level 1 in Stealth
   834 | D:2      | Reached skill level 1 in Shields
   834 | D:2      | Reached skill level 1 in Unarmed Combat
   834 | D:2      | Reached skill level 1 in Evocations
   918 | D:3      | Found the -2 hat of the Alchemist {rElec rPois rF+ rC+ rN+
                  | Will+ rMut rCorr}
   964 | D:3      | Reached XP level 4. HP: 33/34 MP: 13/13
   969 | D:3      | Identified the +6 long sword of Regicide {pain, *Corrode
                  | rC+++ Dex+5}
  1001 | D:3      | Noticed Robin
  1007 | D:3      | Reached skill level 1 in Shapeshifting
  1011 | D:3      | Killed Robin
  1181 | D:3      | Reached skill level 1 in Conjurations
  1181 | D:3      | Reached skill level 1 in Hexes
  1181 | D:3      | Reached skill level 1 in Summonings
  1181 | D:3      | Reached skill level 1 in Necromancy
  1181 | D:3      | Reached skill level 1 in Translocations
  1181 | D:3      | Reached skill level 1 in Transmutations
  1181 | D:3      | Reached skill level 1 in Fire Magic
  1181 | D:3      | Reached skill level 1 in Ice Magic
  1181 | D:3      | Reached skill level 1 in Air Magic
  1181 | D:3      | Reached skill level 1 in Earth Magic
  1181 | D:3      | Reached skill level 1 in Poison Magic
  1416 | D:3      | Found a sacrificial altar of Ru.
  1531 | D:3      | Found a stormy altar of Qazlal.
  1817 | D:4      | Noticed a scorpion
  1825 | D:4      | Reached XP level 5. HP: 40/40 MP: 12/14
  1868 | D:4      | Reached XP level 6. HP: 16/47 MP: 10/16
  1876 | D:4      | HP: 2/47 [poisoned by a scorpion]
  2464 | D:4      | Reached XP level 7. HP: 46/52 MP: 18/18
  2788 | D:4      | Noticed Sigmund
  2833 | D:5      | Entered Level 5 of the Dungeon
  3030 | D:5      | Found a staircase to the Ecumenical Temple.
  3082 | D:5      | Learned a level 1 spell: Necrotise
  3274 | D:5      | Found an ancient bone altar of Kikubaaqudgha.
  3511 | D:5      | Reached XP level 8. HP: 55/60 MP: 19/19
  3934 | D:5      | Found a blossoming altar of Fedhas.
  4254 | Temple   | Entered the Ecumenical Temple
  4261 | Temple   | Became a worshipper of Ashenzari the Shackled
  4357 | D:6      | HP: 2/60 [something/puff of flame (11)]
  4358 | D:6      | Killed from afar by an orc wizard

Illustrated notes

Levels and vault maps discovered:
D:1:      dpeg_arrival_renting, layout_rooms
D:2:      layout_rooms, serial_shops, shop
D:3:      layout_basic, mainiacjoe_overflow_concentric_impassable,
          overflow_temple_1_default, minmay_crystal_room,
          minmay_misc_feat_hallway, minmay_misc_feat_enclosed, uniq_robin
D:4:      layout_basic, sigmund_edmund_badplayer
D:5:      minmay_inner_zag, layout_layer_cave, kennysheep_mini,
          nicolae_kikubaaqudgha_miasma_corner,
          minmay_temple_entry_statues_fountains
D:6:      layout_gridville, uniq_blork_the_orc, uniq_grinder, uniq_pikel,
          uniq_sigmund
Temple:   eino_wide_crystal_templ

Skill      XL: |  1  2  3  4  5  6  7  8 |
---------------+-------------------------+-----
Short Blades   | | 10.9
Invocations    | 1 2 3 |  3.5
Long Blades    | 1 2 3 |  3.1
Axes           | 1 2 3 |  3.1
Maces & Flails | 1 2 3 |  3.1
Polearms       | 1 2 3 |  3.1
Staves         | 1 2 3 |  3.1
Ranged Weapons | 1 2 3 |  3.1
Throwing       | 1 2 3 |  3.1
Armour         | 1 2 3 |  3.1
Stealth        | 1 2 3 |  3.1
Shields        | 1 2 3 |  3.1
Unarmed Combat | 1 2 3 |  3.1
Evocations     | 1 2 3 |  3.1
Shapeshifting  | 1 2 |  2.8
Conjurations   | 1 2 |  2.5
Hexes          | 1 2 |  2.5
Summonings     | 1 2 |  2.5
Necromancy     | 1 2 |  2.5
Translocations | 1 2 |  2.5
Transmutations | 1 2 |  2.5
Fire Magic     | 1 2 |  2.5
Ice Magic      | 1 2 |  2.5
Air Magic      | 1 2 |  2.5
Earth Magic    | 1 2 |  2.5
Poison Magic   | 1 2 |  2.5
Fighting       | 3 4 |  4.1
Dodging        | 3 4 |  4.1
Spellcasting   | |  7.9

Action                     |  1- 3 |  4- 6 |  7- 9 || total
---------------------------+-------+-------+-------++-------
  Melee: Rapier            |    95 |       |       ||    95
         Bite              |     7 |     6 |    10 ||    23
         Punch             |     3 |     3 |     2 ||     8
         Long sword        |       |    67 |    89 ||   156
   Cast: Freeze            |       |    18 |    42 ||    60
         Necrotise         |       |       |     5 ||     5
    Use: Scroll            |     1 |       |     2 ||     3
         Potion            |       |     1 |       ||     1
   Stab: Sleeping          |     1 |     7 |     3 ||    11
 Armour: Robe              |    34 |    45 |   104 ||   183
  Dodge: Dodged            |    38 |    47 |    88 ||   173

Table legend: (Time is in decaauts)
 A = Elapsed time spent in this place.
 B = Non-inter-level travel time spent in this place.
 C = Inter-level travel time spent in this place.
 D = Time resting spent in this place.
 E = Time spent auto-exploring this place.
 F = Levels seen in this place.
 G = Mean time per level.
                   A        B        C        D        E       F      G
               +--------+--------+--------+--------+--------+-----+--------+
         Total |   4371 |   4199 |    172 |     39 |   3417 |   7 |  624.4 |
       Dungeon |   4357 |   4199 |    158 |     39 |   3417 |   6 |  726.2 |
        Temple |     14 |      1 |     13 |      0 |      0 |   1 |   14.0 |
               +--------+--------+--------+--------+--------+-----+--------+

Top non-repeatable levels by time:
     D:5: 1459 daAuts
     D:4: 1059 daAuts
     D:3: 898 daAuts
     D:1: 452 daAuts
     D:2: 416 daAuts
     D:6: 70 daAuts
  Temple: 14 daAuts
